 Dungeon Crawl Stone Soup version 0.29.1-2-gbd0b4ee654 (webtiles) character file.

Game seed: 13711157987430406029

12455 cdecastro the Grappler (level 11, -4/90 HPs)
             Began as a Gnoll Cinder Acolyte on Nov 9, 2022.
             Was an Elder of Ignis.
             Slain by Rupert
             ... wielding a +1 triple sword of holy wrath
              (27 damage)
             ... on level 12 of the Dungeon on Nov 10, 2022.
             The game lasted 00:40:04 (15161 turns).

cdecastro the Grappler (Gnoll Cinder Acolyte)      Turns: 15161, Time: 00:40:04

Health: -4/90      AC: 21    Str: 14    XL:     11   Next: 93%
Magic:  22/22      EV: 13    Int: 18    God:    Ignis [****..]
Gold:   320        SH:  0    Dex:  7    Spells: 18/25 levels left

rFire   + + .      SeeInvis +   a - +9 flail of Irei {venom, rF+ SInv}
rCold   . . .      Faith    .   (no shield)
rNeg    . . .      Spirit   .   e - +2 robe {Will+}
rPois   .          Reflect  .   (no helmet)
rElec   .          Harm     .   Q - +0 cloak
rCorr   +          Rampage  .   R - +0 pair of gloves "Qidi" {rCorr Slay+2}
Will    ++...                   T - +2 pair of boots
Stlth   +++.......              c - amulet of regeneration
HPRegen 1.05/turn               L - ring of willpower
MPRegen 0.18/turn               I - +4 ring of protection

@: mighty, fiery-armoured
A: fangs 1, strong nose, distributed training
a: Renounce Religion, Fiery Armour, Foxfire Swarm, Rising Flame


You were on level 12 of the Dungeon.
You worshipped Ignis.
Ignis was greatly pleased with you.
You visited 2 branches of the dungeon, and saw 14 of its levels.

You collected 602 gold pieces.
You spent 282 gold pieces at shops.

Inventory:

Hand Weapons
 a - the +9 flail of Irei (weapon) {venom, rF+ SInv}
   (You found it on level 7 of the Dungeon)

   It poisons the flesh of those it strikes.
   rF:        It protects you from fire.
   SInv:      It lets you see invisible.
 b - the +11 sling of Watchfulness {freeze, rPois}
   (You bought it in a shop on level 2 of the Dungeon)

   Any ammunition fired from it freezes those it strikes, dealing additional
   cold damage.
   It can also slow down cold-blooded creatures.
   rPois:     It protects you from poison.
Missiles
 v - 4 javelins
 C - a boomerang
 D - 3 silver boomerangs
 M - 19 boomerangs of dispersal
Armour
 e - a +2 robe of willpower (worn)
 F - an orb of energy
 N - +0 steam dragon scales
 Q - a +0 cloak (worn)
 R - the +0 pair of gloves "Qidi" (worn) {rCorr Slay+2}
   (You found it on level 9 of the Dungeon)

   Slay:      It affects your accuracy & damage with ranged weapons and melee
   (+2).
   rCorr:     It protects you from acid and corrosion.
 T - a +2 pair of boots (worn)
 X - a +3 leather armour
Magical Staves
 G - a staff of death
Jewellery
 c - an amulet of regeneration (around neck)
 x - a ring of flight
 I - a +4 ring of protection (right hand)
 L - a ring of willpower (left hand)
 W - a +6 ring of dexterity
 Z - an amulet of magic regeneration
Wands
 E - a wand of charming (9)
 J - a wand of flame (31)
 K - a wand of iceblast (11)
 O - a wand of mindburst (13)
 P - a wand of acid (14)
Scrolls
 d - 4 scrolls of enchant armour {unknown}
 g - 3 scrolls of magic mapping {unknown}
 i - 4 scrolls of poison {unknown}
 k - 3 scrolls of immolation {unknown}
 p - 3 scrolls of identify
 r - 5 scrolls of teleportation
 s - 3 scrolls of butterflies {unknown}
 t - 6 scrolls of noise {unknown}
 u - 2 scrolls of silence {unknown}
 w - 4 scrolls of blinking {unknown}
 y - 2 scrolls of amnesia {unknown}
 z - a scroll of vulnerability {unknown}
 B - a scroll of fear {unknown}
 U - 2 scrolls of enchant weapon {unknown}
Potions
 f - 3 potions of heal wounds
 h - a potion of cancellation
 j - 2 potions of haste
 l - 5 potions of lignification
 n - 2 potions of resistance
 o - 3 potions of curing
 A - a potion of attraction
 H - a potion of might
 V - a potion of mutation {unknown}
 Y - a potion of flight {unknown}
Miscellaneous
 S - a phantom mirror


   Skills:
 + Level 9.7 Fighting
 + Level 7.0 Short Blades
 + Level 7.0 Long Blades
 + Level 7.0 Axes
 + Level 7.0 Maces & Flails
 + Level 7.0 Polearms
 + Level 7.0 Staves
 + Level 7.0 Ranged Weapons
 + Level 7.0 Throwing
 + Level 7.0 Armour
 + Level 7.0 Dodging
 + Level 7.0 Stealth
 + Level 7.0 Shields
 + Level 9.7 Unarmed Combat
 + Level 7.6 Spellcasting
 + Level 5.8 Conjurations
 + Level 5.8 Hexes
 + Level 5.8 Summonings
 + Level 5.8 Necromancy
 + Level 5.8 Translocations
 + Level 5.8 Transmutations
 + Level 8.1 Fire Magic
 + Level 5.8 Ice Magic
 + Level 5.8 Air Magic
 + Level 5.8 Earth Magic
 + Level 5.8 Poison Magic
 + Level 7.7 Invocations
 + Level 7.0 Evocations


You had 18 spell levels left.
You knew the following spells:

 Your Spells              Type           Power      Damage    Failure   Level
a - Scorch                Fire           72%        2d8       1%          2
b - Ensorcelled Hibernat  Hex/Ice        54%        N/A       1%          2
c - Gell's Gravitas       Tloc           27%        N/A       2%          3

Your spell library contained the following spells:

 Spells                   Type           Power      Damage    Failure   Level
 Shock                    Conj/Air       100%       1d9       1%          1
 Passwall                 Tmut/Erth      22%        N/A       1%          2
 Spider Form              Tmut/Pois      27%        N/A       2%          3
 Teleport Other           Tloc           27%        N/A       2%          3
 Anguish                  Hex/Necr       13%        N/A       10%         4
 Fulminant Prism          Conj/Hex       13%        3d9       10%         4
 Dispersal                Tloc           13%        N/A       82%         6
 Shatter                  Erth           13%        3d14*     100%        9


Dungeon Overview and Level Annotations

Branches:
Dungeon (13/15)            Temple (1/1) D:5            Lair (0/5) D:8
    Orc (0/2) D:11
 Vaults: D:13-14

Altars:
Ashenzari
Cheibriados
Dithmenos
Elyvilon
Fedhas
Gozag
Hepliaklqana
Kikubaaqudgha
Makhleb
Nemelex Xobeh
Okawaru
Qazlal
Ru
Sif Muna
Trog
Uskayaw
Vehumet
Wu Jian
Xom
Yredelemnul
Zin
The Shining One

Shops:
D:2 (*[

Annotations:
D:7 exclusion: ugly thing
D:9 Erolcha
D:12 exclusions: downstairs and hydra, Rupert


Innate Abilities, Weirdness & Mutations

You have very sharp teeth.
Your uncanny sense of smell can sniff out nearby items.
Your experience applies equally to all skills.


Message History

Rupert shoots an arrow.
The arrow hits you.
You shoot a sling bullet. The sling bullet hits Rupert!
The sling bullet freezes Rupert.
Rupert is heavily wounded.
You shoot a sling bullet. The sling bullet hits Rupert!
The sling bullet freezes Rupert.
Rupert is severely wounded.
Rupert shoots an arrow.
The arrow hits you but does no damage.
You shoot a sling bullet.
The sling bullet hits Rupert but does no damage.
Rupert is severely wounded.
You shoot a sling bullet. The sling bullet barely misses Rupert.
Rupert shoots an arrow.
The arrow hits you but does no damage.
You shoot a sling bullet. The sling bullet hits Rupert.
The sling bullet freezes Rupert.
Rupert is severely wounded.
Rupert roars madly and goes into a rage!
Rupert unwields a +0 shortbow.
Rupert wields a +1 triple sword of holy wrath.
It softly glows with a divine radiance!
Rupert goes berserk!
You feel very mighty all of a sudden.
The +11 sling of Watchfulness {freeze, rPois} stops glowing.
The +9 flail of Irei {venom, rF+ SInv} begins to drip with poison!
a - the +9 flail of Irei (weapon)
{venom, rF+ SInv} Rupert hits you with a +1 triple sword of holy wrath!
Unknown command.
You bludgeon Rupert!! You punch Rupert!
Rupert is severely wounded.
Rupert closely misses you.
Rupert hits you with a +1 triple sword of holy wrath!!
You bludgeon Rupert!!
Rupert is almost dead.
Rupert hits you with a +1 triple sword of holy wrath!!
* * * LOW HITPOINT WARNING * * *
Rupert is burned by your cloak of flames.
Rupert is almost dead.
You barely miss Rupert.
Rupert is almost dead.
Rupert hits you with a +1 triple sword of holy wrath!!
You die...

########
##......##
##........##
#..........#
#..........#
#..........#
#..........#
#..........###
##..@........#
#...@...[..#.##
#..........#..#
#..........##.###
#..........##...#
#....<.....####.#
##........## ###
##........#
####.##..#


You could see Rupert (berserk).

Vanquished Creatures
  A boulder beetle (D:13)
  A hydra (D:8)
  4 two-headed ogres
  A deep elf pyromancer (D:12)
  An unseen horror (D:11)
  A komodo dragon (D:11)
  A hornet (D:9)
  A troll (D:12)
  A slime creature (D:12)
  Sigmund (D:5)
  2 shadows (D:11)
  5 yaks (D:10)
  Eustachio (D:5)
  3 steam dragons
  6 vampire mosquitoes
  4 wargs
  Edmund (D:3)
  A water moccasin (D:8)
  3 ice beasts
  A black bear (D:7)
  3 sky beasts
  4 ogres
  3 orc warriors
  2 centaurs
  A phantom (D:5)
  4 kobold brigands
  2 bullfrogs
  2 gnoll sergeants (D:9)
  3 necrophages
  4 scorpions
  4 wights (D:8)
  6 killer bees (D:9)
  3 electric eels (D:6)
  A crimson imp (D:4)
  3 hounds
  3 jellies
  2 gnoll boudas
  3 orc priests
  3 iguanas
  An iron imp (D:9)
  Ijyb (D:4)
  15 orc wizards
  21 gnolls
  5 adders
  3 white imps
  2 worms
  8 dart slugs
  30 orcs
  5 ball pythons
  4 endoplasms
  6 giant cockroaches
  11 goblins
  7 hobgoblins
  A jackal (D:3)
  5 quokkas
  3 bats
  2 frilled lizards (D:1)
  2 goblin skeletons (D:4)
  A goblin zombie (D:4)
  5 hobgoblin zombies (D:4)
  12 kobolds
  An orc skeleton (D:4)
  2 orc zombies (D:4)
  10 rats
259 creatures vanquished.

Vanquished Creatures (others)
  A butterfly (D:6)
  23 foxfires (D:12)
  2 fungi (D:1)
  2 plants (D:1)
28 creatures vanquished.

Grand Total: 287 creatures vanquished

Notes
Turn   | Place    | Note
-------+----------+-------------------------------------------
     0 | D:1      | cdecastro the Gnoll Cinder Acolyte began the quest for the
                  | Orb.
     0 | D:1      | Reached XP level 1. HP: 23/23 MP: 4/4
   237 | D:1      | Reached XP level 2. HP: 29/29 MP: 5/5
   240 | D:1      | Learned a level 2 spell: Scorch
   267 | D:1      | Found a faded altar of an unknown god.
   503 | D:1      | Reached XP level 3. HP: 35/35 MP: 1/7
  1044 | D:1      | Got the Anthology of Kinetic Bedrock
  1170 | D:2      | Reached skill level 1 in Invocations
  1377 | D:2      | Found Hocom's Antique Armour Shop.
  1470 | D:2      | Found Tisched's Assorted Antiques.
  1566 | D:2      | Found Icefyop's Antique Weapon Boutique.
  1797 | D:2      | Reached skill level 1 in Short Blades
  1797 | D:2      | Reached skill level 1 in Long Blades
  1797 | D:2      | Reached skill level 1 in Axes
  1797 | D:2      | Reached skill level 1 in Maces & Flails
  1797 | D:2      | Reached skill level 1 in Polearms
  1797 | D:2      | Reached skill level 1 in Staves
  1797 | D:2      | Reached skill level 1 in Ranged Weapons
  1797 | D:2      | Reached skill level 1 in Throwing
  1797 | D:2      | Reached skill level 1 in Armour
  1797 | D:2      | Reached skill level 1 in Dodging
  1797 | D:2      | Reached skill level 1 in Stealth
  1797 | D:2      | Reached skill level 1 in Shields
  1797 | D:2      | Reached skill level 1 in Evocations
  2111 | D:3      | Reached XP level 4. HP: 34/41 MP: 8/8
  2233 | D:3      | Noticed a scorpion
  2252 | D:3      | Killed a scorpion
  2253 | D:3      | Reached skill level 1 in Conjurations
  2253 | D:3      | Reached skill level 1 in Hexes
  2253 | D:3      | Reached skill level 1 in Summonings
  2253 | D:3      | Reached skill level 1 in Necromancy
  2253 | D:3      | Reached skill level 1 in Translocations
  2253 | D:3      | Reached skill level 1 in Transmutations
  2253 | D:3      | Reached skill level 1 in Ice Magic
  2253 | D:3      | Reached skill level 1 in Air Magic
  2253 | D:3      | Reached skill level 1 in Earth Magic
  2253 | D:3      | Reached skill level 1 in Poison Magic
  2253 | D:3      | Reached XP level 5. HP: 40/47 MP: 2/9
  3047 | D:2      | Bought a sedimented amethyst potion for 26 gold pieces
  3047 | D:2      | Bought a scroll labelled XONANGE HUUPEZ for 29 gold pieces
  3047 | D:2      | Bought a viscous blue potion for 26 gold pieces
  3506 | D:4      | Found a sparkling altar of Nemelex Xobeh.
  3594 | D:4      | Reached XP level 6. HP: 52/53 MP: 4/11
  3654 | D:4      | Noticed Ijyb
  3876 | D:4      | Noticed a black bear
  3969 | D:4      | Noticed Edmund
  3986 | D:3      | Killed Edmund
  4128 | D:4      | Found a glowing golden altar of the Shining One.
  4391 | D:4      | Reached XP level 7. HP: 44/60 MP: 3/12
  5051 | D:5      | Entered Level 5 of the Dungeon
  5494 | D:5      | Found a staircase to the Ecumenical Temple.
  5515 | D:5      | Noticed Sigmund
  5517 | Temple   | Entered the Ecumenical Temple
  5702 | D:5      | Killed Sigmund
  5703 | D:5      | Reached XP level 8. HP: 67/67 MP: 5/14
  5812 | D:5      | Found a shadowy altar of Dithmenos.
  5924 | D:5      | Noticed Eustachio
  6277 | D:5      | Found a blossoming altar of Fedhas.
  6337 | D:5      | Killed Eustachio
  6511 | D:5      | Found a burning altar of Makhleb.
  7107 | D:6      | Learned a level 2 spell: Ensorcelled Hibernation
  7444 | D:6      | Found a glowing silver altar of Zin.
  7770 | D:6      | Reached XP level 9. HP: 72/73 MP: 7/16
  7967 | D:6      | Found a white marble altar of Elyvilon.
  8325 | D:2      | Bought a bloodstained sling for 201 gold pieces
  8325 | D:2      | Identified the +11 sling of Watchfulness {freeze, rPois}
                  | (You bought it in a shop on level 2 of the Dungeon)
  8424 | D:7      | Reached skill level 5 in Spellcasting
  8733 | D:7      | Identified the +9 flail of Irei {venom, rF+ SInv}
  8893 | D:7      | Reached skill level 5 in Invocations
  8970 | D:7      | Noticed a red ugly thing
  9383 | D:8      | Found a staircase to the Lair.
  9387 | D:8      | Noticed a four-headed hydra
  9394 | D:8      | Killed a four-headed hydra
  9395 | D:8      | Reached skill level 5 in Short Blades
  9395 | D:8      | Reached skill level 5 in Long Blades
  9395 | D:8      | Reached skill level 5 in Axes
  9395 | D:8      | Reached skill level 5 in Maces & Flails
  9395 | D:8      | Reached skill level 5 in Polearms
  9395 | D:8      | Reached skill level 5 in Staves
  9395 | D:8      | Reached skill level 5 in Ranged Weapons
  9395 | D:8      | Reached skill level 5 in Throwing
  9395 | D:8      | Reached skill level 5 in Armour
  9395 | D:8      | Reached skill level 5 in Dodging
  9395 | D:8      | Reached skill level 5 in Stealth
  9395 | D:8      | Reached skill level 5 in Shields
  9395 | D:8      | Reached skill level 5 in Evocations
  9395 | D:8      | Reached XP level 10. HP: 82/82 MP: 18/18
  9484 | D:4      | Killed Ijyb
  9677 | D:6      | Found a shimmering blue altar of Sif Muna.
 10032 | D:8      | Found a bloodstained altar of Trog.
 11032 | D:9      | Learned a level 3 spell: Gell's Gravitas
 11113 | D:9      | Found a snail-covered altar of Cheibriados.
 11116 | D:9      | Noticed Erolcha
 11171 | D:9      | Identified the +0 pair of gloves "Qidi" {rCorr Slay+2}
 11506 | D:9      | Found a broken altar of Ashenzari.
 11887 | D:10     | Entered Level 10 of the Dungeon
 11937 | D:10     | Noticed a two-headed ogre
 11943 | D:10     | Killed a two-headed ogre
 12056 | D:10     | Noticed a two-headed ogre
 12062 | D:10     | Killed a two-headed ogre
 12063 | D:10     | Reached skill level 5 in Conjurations
 12063 | D:10     | Reached skill level 5 in Hexes
 12063 | D:10     | Reached skill level 5 in Summonings
 12063 | D:10     | Reached skill level 5 in Necromancy
 12063 | D:10     | Reached skill level 5 in Translocations
 12063 | D:10     | Reached skill level 5 in Transmutations
 12063 | D:10     | Reached skill level 5 in Ice Magic
 12063 | D:10     | Reached skill level 5 in Air Magic
 12063 | D:10     | Reached skill level 5 in Earth Magic
 12063 | D:10     | Reached skill level 5 in Poison Magic
 12063 | D:10     | Reached XP level 11. HP: 78/89 MP: 9/21
 12729 | D:10     | Noticed a two-headed ogre
 12734 | D:10     | Killed a two-headed ogre
 13799 | D:11     | Noticed a two-headed ogre
 13812 | D:11     | Killed a two-headed ogre
 14174 | D:11     | Found a staircase to the Orcish Mines.
 14509 | D:12     | Noticed an eight-headed hydra
 14521 | D:12     | Noticed a deep elf pyromancer
 14658 | D:12     | Killed a deep elf pyromancer
 14753 | D:12     | Noticed Rupert
 14828 | D:13     | Noticed a boulder beetle
 14846 | D:13     | Killed a boulder beetle
 14920 | D:13     | Noticed a tengu warrior
 14922 | D:13     | Noticed a cyan ugly thing
 14948 | D:13     | Noticed a +5 long sword
 15161 | D:12     | Slain by Rupert

Illustrated notes

Levels and vault maps discovered:
D:1:      dpeg_arrival_leaves_temple_mockup, layout_loops_ring,
          dreamdust_ecumenical_altar_grove
D:2:      layout_loops_ring, serial_shops, shop, nicolae_diamond_shop,
          nicolae_shop_stone
D:3:      layout_loops_cross, minmay_distorted
D:4:      layout_basic, nicolae_tso_besieged_by_evil,
          mainiacjoe_overflow_catwalk, kennysheep_crisscross, st_stairs_1,
          uniq_ijyb, uniq_edmund
D:5:      layout_gridville, grunt_dithmenos_smoke_and_mirrors,
          mainiacjoe_overflow_alcove_4, bloody_makhleb, temple_fountains,
          st_stairs_8, serial_park_tiny_pond, uniq_eustachio, uniq_sigmund
D:6:      layout_loops_corners, nicolae_elyvilon_peaceful_grove,
          nicolae_overflow_squiral
D:7:      layout_cave_pools
D:8:      layout_basic, trog_antimagical, lair_entry_dummy,
          minmay_unpleasant_kobolds
D:9:      layout_basic, mainiacjoe_overflow_surrounded_room, slow_altar_1,
          uniq_erolcha
D:10:     layout_basic, blue_anna_alchemist
D:11:     layout_irregular_city, minmay_orc_entry_guard_dogs
D:12:     layout_rooms, serial_shops, shop_fountains, lemuel_flamethrower_1,
          uniq_rupert
D:13:     minmay_the_grid_triangle_9x9_rhombus_thin
          [minmay_the_grid_triangle_9x9_semitri,
          minmay_the_grid_triangle_9x9_prize_center,
          minmay_the_grid_triangle_9x9_windchime,
          minmay_the_grid_triangle_9x9_skeleton], layout_basic, erik_vaults_1,
          hangedman_ranch
Temple:   bh_familiar_temple

Skill      XL: |  1  2  3  4  5  6  7  8  9 10 11 |
---------------+----------------------------------+-----
Invocations    | 1 2 3 4 5 6 7 |  7.7
Short Blades   | 1 2 3 5 6 7 |  7.0
Long Blades    | 1 2 3 5 6 7 |  7.0
Axes           | 1 2 3 5 6 7 |  7.0
Maces & Flails | 1 2 3 5 6 7 |  7.0
Polearms       | 1 2 3 5 6 7 |  7.0
Staves         | 1 2 3 5 6 7 |  7.0
Ranged Weapons | 1 2 3 5 6 7 |  7.0
Throwing       | 1 2 3 5 6 7 |  7.0
Armour         | 1 2 3 5 6 7 |  7.0
Dodging        | 1 2 3 5 6 7 |  7.0
Stealth        | 1 2 3 5 6 7 |  7.0
Shields        | 1 2 3 5 6 7 |  7.0
Evocations     | 1 2 3 5 6 7 |  7.0
Spellcasting   | 3 4 5 6 7 |  7.6
Conjurations   | 1 2 3 4 5 |  5.8
Hexes          | 1 2 3 4 5 |  5.8
Summonings     | 1 2 3 4 5 |  5.8
Necromancy     | 1 2 3 4 5 |  5.8
Translocations | 1 2 3 4 5 |  5.8
Transmutations | 1 2 3 4 5 |  5.8
Ice Magic      | 1 2 3 4 5 |  5.8
Air Magic      | 1 2 3 4 5 |  5.8
Earth Magic    | 1 2 3 4 5 |  5.8
Poison Magic   | 1 2 3 4 5 |  5.8
Fighting       | 7 8 9 |  9.7
Unarmed Combat | 7 8 9 |  9.7
Fire Magic     | 6 7 8 |  8.1

Action                   |  1- 3 |  4- 6 |  7- 9 | 10-12 || total
-------------------------+-------+-------+-------+-------++-------
Melee: Unarmed           |    38 |     8 |       |       ||    46
       Bite              |     5 |     8 |    14 |     7 ||    34
       Punch             |     2 |     5 |     9 |     5 ||    21
       Short sword       |    19 |   108 |   147 |       ||   274
       Flail             |       |       |       |    33 ||    33
       Sling             |       |       |       |     1 ||     1
 Fire: Sling             |       |       |    90 |   271 ||   361
Throw: Stone             |     1 |       |       |       ||     1
 Cast: Scorch            |    28 |    37 |    79 |    77 ||   221
       Gell's Gravitas   |       |       |       |     2 ||     2
Invok: Fiery Armour      |       |     1 |       |     1 ||     2
       Foxfire Swarm     |       |       |       |     1 ||     1
  Use: Scroll            |       |       |     8 |     2 ||    10
       Potion            |       |       |       |     6 ||     6
 Stab: Sleeping          |     1 |     1 |     1 |     2 ||     5
       Distracted        |       |     1 |       |       ||     1
Armor: Robe              |    15 |    16 |    25 |    51 ||   107
       Steam dragon scal |       |       |       |     8 ||     8
Dodge: Dodged            |    39 |    74 |   122 |   128 ||   363
